 Dungeon Crawl Stone Soup version 0.29-a0-384-g6960b1960d (webtiles) character file.

Game seed: 3220927838446920145

41 bande the Covered (level 3, -2/24 HPs)
             Began as a Gargoyle Fighter on May 8, 2022.
             Slain by Sigmund
             ... wielding a +0 scythe
              (4 damage)
             ... on level 2 of the Dungeon.
             The game lasted 00:01:44 (1483 turns).

bande the Covered (Gargoyle Fighter)                Turns: 1483, Time: 00:01:45

Health: -2/24      AC: 10    Str: 19    XL:     3   Next: 52%
Magic:  3/3        EV:  9    Int:  8    God:
Gold:   61         SH:  4    Dex: 11    Spells: 2/2 levels left

rFire   . . .      SeeInvis .   a - +0 war axe
rCold   . . .      Faith    .   c - +0 buckler
rNeg    + . .      Spirit   .   b - +0 scale mail
rPois   ∞          Reflect  .   (no helmet)
rElec   +          Harm     .   (no cloak)
rCorr   .          Rampage  .   (no gloves)
Will    .....                   (no boots)
Stlth   ..........              (no amulet)
HPRegen 0.08/turn               (no ring)
MPRegen 0.08/turn               (no ring)

@: no status effects
A: sickness immunity, AC +3, negative energy resistance 1, electricity
resistance, torment resistance 1, petrification resistance
a: no special abilities


You were on level 2 of the Dungeon.
You visited 1 branch of the dungeon, and saw 2 of its levels.

You collected 61 gold pieces.

Inventory:

Hand Weapons
 a - a +0 war axe (weapon)
Armour
 b - a +0 scale mail (worn)
 c - a +0 buckler (worn)
Jewellery
 g - an amulet of magic regeneration
Scrolls
 h - a scroll of noise {unknown}
 i - 2 scrolls of identify {unknown}
Potions
 d - a potion of might
 e - a potion of degeneration {unknown}
 f - 2 potions of heal wounds {unknown}
 j - a potion of attraction {unknown}


   Skills:
 + Level 3.7 Fighting
 + Level 2.1 Axes
 + Level 4.0 Armour
 + Level 3.5 Shields


You had 2 spell levels left.
You didn't know any spells.
Your spell library contained the following spells:

 Spells                   Type           Power      Damage    Failure   Level
 Corpse Rot               Necr/Air       0%         N/A       94%         2
 Conjure Flame            Conj/Fire      0%         6-21      99%         3
 Ignite Poison            Fire/Tmut/Pois 0%         N/A       99%         3
 Dispel Undead            Necr           0%         3d6       100%        4
 Sticky Flame             Conj/Fire      0%         2d3       100%        4
 Death Channel            Necr           0%         N/A       100%        6


Dungeon Overview and Level Annotations

Branches:
Dungeon (2/15)

Altars:

Shops:
D:2 :

Annotations:
D:2 Sigmund


Innate Abilities, Weirdness & Mutations

You are immune to sickness and miasma.
Your stone body is resilient. (AC +3)
You are immune to poison.
You resist negative energy. (rN+)
You are resistant to electric shocks. (rElec)
You are resistant to unholy torment.
You are immune to petrification.


Message History

The ball python constricts you.
The ball python bites you but does no damage.
The ball python constricts you.
You barely miss the ball python.
The ball python bites you but does no damage.
The ball python constricts you.
You slash the ball python!
You kill the ball python!
No target in view!
No target in view!
No target in view!
No target in view!
No target in view!
j - a cyan potion You see here a +0 robe.
Found a stone staircase leading up.
You pick up a book of Decay and begin reading...
You add the spells Corpse Rot, Dispel Undead and Death Channel to your library.
No target in view!
Sigmund the Dreaded comes into view.
He is wielding a +0 scythe.
Sigmund casts a spell.
Sigmund flickers and vanishes!
Deactivating autopickup; reactivate with Ctrl-A.
There is a strange disturbance nearby!
No target in view!
No target in view!
No target in view!
No target in view!
No target in view!
A frilled lizard comes into view.
The frilled lizard hisses angrily.
The frilled lizard moves out of view.
Something hits you!
A quokka comes into view.
Unknown command.
You closely miss something. Something hits you.
You hit something. Something hits you!
* * * LOW HITPOINT WARNING * * *
You miss something. Something hits you.
You die...

#.# #.#...#
#.####.#####.##.#
#...........###.#
######.####.###.#
#.###<..##.###.#
#.##.#.........#
#.###.#.##.#####
..#.####.###.#
.......@## #.#
#.#.###{# #.#


rl# #.# #..# #.# #..# #.. ...# .#.. #...# You could see a quokka and a frilled
lizard.

Vanquished Creatures
  2 dart slugs
  4 bats
  An endoplasm (D:1)
  A giant cockroach (D:1)
  A goblin (D:1)
  A hobgoblin (D:1)
  4 jackals (D:1)
  A quokka (D:1)
  8 ball pythons
  2 frilled lizards (D:1)
  4 kobolds
  5 rats
34 creatures vanquished.

Notes
Turn   | Place    | Note
-------+----------+-------------------------------------------
     0 | D:1      | bande the Gargoyle Fighter began the quest for the Orb.
     0 | D:1      | Reached XP level 1. HP: 14/14 MP: 1/1
   375 | D:1      | Reached XP level 2. HP: 19/19 MP: 2/2
   839 | D:1      | Reached XP level 3. HP: 22/23 MP: 3/3
  1017 | D:1      | Found a faded altar of an unknown god.
  1393 | D:2      | Reached skill level 4 in Armour
  1404 | D:2      | Found Ugeoco's Book Emporium.
  1477 | D:2      | Noticed Sigmund
  1483 | D:2      | Slain by Sigmund

Illustrated notes

Levels and vault maps discovered:
D:1:      dpeg_arrival_windows_large_door, layout_loops_ring,
          shapermc_ecumenical_altar_starsandcircs
D:2:      layout_loops_ring, serial_shops, shop, uniq_sigmund

Skill      XL: |  1  2  3 |
---------------+----------+-----
Axes           | 2 |  2.1
Armour         | 4 |  4.0
Fighting       | |  3.7
Shields        | |  3.5

Action                   || total
-------------------------++-------
Melee: War axe           ||   106
Armor: Scale mail        ||    65
Dodge: Dodged            ||    71
Block: Buckler           ||    26

Table legend: (Time is in decaauts)
 A = Elapsed time spent in this place.
 B = Non-inter-level travel time spent in this place.
 C = Inter-level travel time spent in this place.
 D = Time resting spent in this place.
 E = Time spent auto-exploring this place.
 F = Levels seen in this place.
 G = Mean time per level.
                   A        B        C        D        E       F      G
               +--------+--------+--------+--------+--------+-----+--------+
         Total |   1528 |   1517 |     11 |    273 |    980 |   2 |  764.0 |
       Dungeon |   1528 |   1517 |     11 |    273 |    980 |   2 |  764.0 |
               +--------+--------+--------+--------+--------+-----+--------+

Top non-repeatable levels by time:
     D:1: 1410 daAuts
     D:2: 117 daAuts
